Map: Overgrown Facility

Players

PureLegacy - Winner!

  • Race: Terran Terran
  • Spawn Location: 7:00

KoB - Winner!

  • Race: Protoss Protoss
  • Spawn Location: 9:00

MutaKinG

  • Race: Zerg Zerg
  • Spawn Location: 3:00

Amis

  • Race: Terran Terran
  • League: Master
  • Spawn Location: 1:00

VOD

Have the link to the VOD?

Description

Time

  • Played on: Dec. 3, 2018, 10:25 a.m.
  • Length: 4:35
Show
View Real Time Build Order
Export as new Build Order

PureLegacy Terran - Winner!

Build Orders:  

Get SALT Encoding   

  12  0:01  SCV  
  13  0:13  SCV  
  14  0:18  Supply Depot  
  14  0:25  SCV  
  15  0:32  Refinery  
  15  0:39  SCV  
  16  0:46  Barracks  
  16  0:52  SCV  
  17  1:06  Barracks  
  17  1:22  Barracks  
  17  1:24  SCV  
  18  1:34  Reaper  
  19  1:42  Orbital Command  
  19  1:48  Refinery  
  19  1:55  Reaper  
  20  2:02  Supply Depot  
  20  2:08  Reaper  
  21  2:11  Reaper  
  22  2:22  SCV  
  23  2:30  Reaper  
  23  2:34  SCV  
  23  2:35  Supply Depot  
  25  2:40  Reaper  
  26  2:46  SCV  
  26  2:47  Reaper  
  28  2:58  SCV  
  29  3:08  Reaper  
  29  3:11  SCV  
  31  3:22  Reaper  
  31  3:25  Command Center  
  32  3:33  Reaper  
  32  3:34  SCV  
  34  3:49  Reaper  
  34  3:50  SCV  
  35  3:56  Reaper  
  37  4:06  Command Center  
  37  4:14  SCV  
Show
View Real Time Build Order
Export as new Build Order

KoB Protoss - Winner!

Build Orders: Oracle Opening, Phoenix Opening 

Get SALT Encoding   

  12  0:01  Probe  
  13  0:13  Probe  
  14  0:20  Pylon  
  14  0:25  Probe  
  15  0:36  Probe  
  15  0:42  Gateway  
  16  0:44  Probe  
  17  0:51  Assimilator  
  17  0:53  Probe  
  18  1:04  Assimilator, Probe  
  19  1:15  Pylon  
  19  1:17  Probe  
  20  1:28  Probe  
  21  1:37  Probe  
  21  1:39  Cybernetics Core  
  21  1:45  Probe  
  23  1:55  Probe  
  24  2:15  Stargate  
  24  2:22  Nexus  
  24  2:32  Stargate  
  23  2:41  Probe  
  24  2:46  Assimilator  
  24  2:51  Oracle  
  24  2:53  Probe  
  28  3:06  Probe  
  28  3:08  Pylon  
  29  3:16  Phoenix  
  31  3:26  Probe, Pylon  
  32  3:29  Phoenix  
  32  3:40  Probe  
  35  4:05  Phoenix x2  
  39  4:12  Probe  
  39  4:13  Probe  
  39  4:15  Pylon  
  41  4:26  Assimilator  
Show
View Real Time Build Order
Export as new Build Order

MutaKinG Zerg 

Build Orders: 3 Hatch before Pool 

Get SALT Encoding   

  12  0:01  Drone  
  13  0:17  Overlord  
  13  0:18  Drone  
  16  0:35  Drone x2  
  16  0:56  Hatchery  
  16  0:57  Drone  
  16  0:58  Drone  
  17  1:22  Hatchery  
  17  1:23  Drone  
  17  1:27  Drone  
  18  1:41  Spawning Pool  
  18  1:44  Drone  
  18  1:47  Drone  
  18  1:49  Extractor  
  18  1:57  Drone x2  
  20  2:06  Drone  
  21  2:16  Drone  
  21  2:17  Drone  
  23  2:28  Queen x2  
  27  2:33  Drone  
  28  2:40  Queen  
  31  2:44  Zergling x2  
  31  2:47  Zergling x2  
  32  2:52  Metabolic Boost  
  32  2:59  Overlord  
  32  3:02  Zergling x2  
  32  3:15  Zergling x4  
  33  3:23  Zergling x14  
  39  3:32  Zergling x4  
  34  3:50  Queen  
  34  3:51  Queen  
  36  3:58  Drone x2  
  29  4:10  Drone  
Show
View Real Time Build Order
Export as new Build Order

Amis Terran 

Build Orders: Liberator Opening 

Get SALT Encoding   

  12  0:00  SCV  
  13  0:12  SCV  
  14  0:18  Supply Depot  
  14  0:25  SCV  
  15  0:29  Refinery  
  15  0:39  SCV  
  16  0:47  Barracks  
  16  0:53  SCV  
  17  0:58  Refinery  
  17  1:08  SCV  
  18  1:20  SCV  
  19  1:32  SCV  
  19  1:37  Reaper  
  20  1:45  Factory  
  20  1:56  Orbital Command  
  20  2:03  Supply Depot  
  20  2:11  Reaper  
  21  2:24  SCV  
  22  2:32  Hellion  
  22  2:34  Starport  
  24  2:45  Barracks Tech Lab  
  24  2:47  SCV  
  25  2:54  Widow Mine  
  27  2:59  SCV  
  28  3:19  SCV  
  29  3:21  Liberator  
  29  3:26  Widow Mine  
  31  3:35  Supply Depot x2  
  31  3:38  SCV  
  33  3:54  Cyclone  
  36  4:07  Barracks Reactor  
  36  4:09  SCV, Command Center  
  41  4:32  Engineering Bay  
Tags
 
Add a new tag
Caveats
  • Supply blocks, unpowered buildings, or Contaminate may cause inaccurate times.
  • Supply counts are checked every 10 seconds.